MLB
CINCINNATI REDS @ OAKLAND ATHLETICS
08/17/2098
 
TOP OF THE 1ST
Cincinnati Reds batting - Pitching for Oakland Athletics : RHP Dylan Harrison
Pitching: RHP Dylan Harrison
Batting: LHB Jonathan Nelson 0-0: Ball
1-0: Ball
2-0: Ball
3-0: Base on Balls
Batting: RHB Earl Boivin 0-0: Ball
1-0: SINGLE (Line Drive, 89S, EV 110.6 MPH)
Jonathan Nelson to second
Batting: LHB Steve Carbone 0-0: Fly out, F7 (Flyball, 7D, EV 93.1 MPH)
Batting: RHB Erik Schmidt 0-0: Called Strike
0-1: Ball
1-1: Called Strike
1-2: Strikes out swinging
Batting: RHB Jesus Najera 0-0: Called Strike
0-1: Ball
1-1: Ball
2-1: Foul Ball, location: 2F
2-2: Fly out, F9 (Flyball, 9LM, EV 94.4 MPH)
Top of the 1st over - 0 runs, 1 hit, 0 errors, 2 left on base; Cincinnati 0 - Oakland 0
BOTTOM OF THE 1ST
Oakland Athletics batting - Pitching for Cincinnati Reds : RHP Israel Castillo
Pitching: RHP Israel Castillo
Batting: RHB Ben Celeste 0-0: Called Strike
0-1: Swinging Strike
0-2: Strikes out swinging
Batting: RHB Tom Karr 0-0: Ball
1-0: Ground out 6-3 (Groundball, 6, EV 76.9 MPH)
Batting: LHB Pat Wilson 0-0: Called Strike
0-1: Called Strike
0-2: Ball
1-2: Ball
2-2: Ground out 3-1 (Groundball, 34S, EV 83.8 MPH)
Bottom of the 1st over - 0 runs, 0 hits, 0 errors, 0 left on base; Cincinnati 0 - Oakland 0
TOP OF THE 2ND
Cincinnati Reds batting - Pitching for Oakland Athletics : RHP Dylan Harrison
Batting: RHB Tim Mercer 0-0: Ball
1-0: Ball
2-0: Called Strike
2-1: Foul Ball, location: 7LDF
2-2: Ball
3-2: Foul Ball, location: 2F
3-2: Base on Balls
Batting: RHB B.J. Illiano 0-0: Called Strike
0-1: Ball
1-1: Foul Ball, location: 7LMF
1-2: Foul Ball, location: 23F
1-2: Reached on error, E4 (Groundball, 13, EV 93.8 MPH)
Tim Mercer to second
Batting: RHB Ricky Correa 0-0: Called Strike
0-1: SINGLE (Groundball, 56D, EV 98.1 MPH)
Tim Mercer to third
B.J. Illiano to second
Batting: SHB Greg Jenniferl 0-0: Called Strike
0-1: Fly out, F9 (Flyball, 89XD, EV 99.4 MPH)
Runner from 3rd tags up, SCORES, no throw by RF
Batting: LHB Jonathan Nelson 0-0: Swinging Strike
0-1: Swinging Strike
0-2: Strikes out looking
Batting: RHB Earl Boivin 0-0: Ball
1-0: Ball
2-0: Swinging Strike
2-1: Called Strike
2-2: Ground out U3 (Groundball, 34, EV 101.3 MPH)
Top of the 2nd over - 1 run, 1 hit, 1 error, 2 left on base; Cincinnati 1 - Oakland 0
BOTTOM OF THE 2ND
Oakland Athletics batting - Pitching for Cincinnati Reds : RHP Israel Castillo
Batting: LHB Ivan Suarez 0-0: Called Strike
0-1: Ball
1-1: Ground out 4-3 (Groundball, 4, EV 91.9 MPH)
Batting: RHB Joey George 0-0: Called Strike
0-1: Ball
1-1: Ball
2-1: Swinging Strike
2-2: Strikes out looking
Batting: RHB Jerome Bathgate 0-0: Foul Ball, location: 2F
0-1: Foul Ball, location: 3FF
0-2: Ball
1-2: Strikes out swinging
Bottom of the 2nd over - 0 runs, 0 hits, 0 errors, 0 left on base; Cincinnati 1 - Oakland 0
TOP OF THE 3RD
Cincinnati Reds batting - Pitching for Oakland Athletics : RHP Dylan Harrison
Batting: LHB Steve Carbone 0-0: Called Strike
0-1: Ground out U3 (Groundball, 3, EV 93.1 MPH)
Batting: RHB Erik Schmidt 0-0: Called Strike
0-1: Foul Ball, location: 2F
0-2: Strikes out swinging
Batting: RHB Jesus Najera 0-0: Fly out, F7 (Flyball, 78M, EV 98.8 MPH)
Top of the 3rd over - 0 runs, 0 hits, 0 errors, 0 left on base; Cincinnati 1 - Oakland 0
BOTTOM OF THE 3RD
Oakland Athletics batting - Pitching for Cincinnati Reds : RHP Israel Castillo
Batting: RHB Randy Fowler 0-0: Ball
1-0: Called Strike
1-1: SINGLE (Popup, 6D, EV 50.6 MPH)
Batting: LHB Gene Del Vecchio 0-0: Ball
1-0: Bunt missed!
1-1: Bunt missed!
1-2: Ball
2-2: Ball
3-2: Base on Balls
Randy Fowler to second
Batting: RHB David Reichel 0-0: Called Strike
0-1: Fly out, F7 (Line Drive, 7, EV 89.4 MPH)
Batting: RHB Ben Celeste 0-0: Called Strike
0-1: Ball
1-1: Foul Ball, location: 5F
1-2: Strikes out looking
Batting: RHB Tom Karr 0-0: Called Strike
0-1: Fly out, F3 (Popup, 3F, EV 66.9 MPH)
Bottom of the 3rd over - 0 runs, 1 hit, 0 errors, 2 left on base; Cincinnati 1 - Oakland 0
TOP OF THE 4TH
Cincinnati Reds batting - Pitching for Oakland Athletics : RHP Dylan Harrison
Batting: RHB Tim Mercer 0-0: SINGLE (Line Drive, 8RS, EV 98.1 MPH)
Batting: RHB B.J. Illiano 0-0: Ball
1-0: Ball
2-0: Foul Ball, location: 2F
2-1: Ball
3-1: Ground out 4-3 (Groundball, 34D, EV 105.0 MPH)
Tim Mercer to second
Batting: RHB Ricky Correa 0-0: Ball
Tim Mercer steals 3rd base
1-0: Ball
2-0: 2-RUN HOME RUN (Flyball, 7LD, EV 95.6 MPH), Distance : 335 ft
Batting: SHB Greg Jenniferl 0-0: Ball
1-0: Foul Ball, location: 2F
1-1: Called Strike
1-2: Strikes out swinging
Batting: LHB Jonathan Nelson 0-0: Ball
1-0: Ball
2-0: Ground out 5-3 (Groundball, 5S, EV 70.6 MPH)
Top of the 4th over - 2 runs, 2 hits, 0 errors, 0 left on base; Cincinnati 3 - Oakland 0
BOTTOM OF THE 4TH
Oakland Athletics batting - Pitching for Cincinnati Reds : RHP Israel Castillo
Batting: LHB Pat Wilson 0-0: Ball
1-0: Swinging Strike
1-1: Swinging Strike
1-2: Strikes out swinging
Batting: LHB Ivan Suarez 0-0: Ball
1-0: Ball
2-0: Ball
3-0: Called Strike
3-1: Foul Ball, location: 25F
3-2: Hit by Pitch
Batting: RHB Joey George 0-0: Called Strike
0-1: Swinging Strike
0-2: Foul Ball, location: 5F
0-2: DOUBLE (Line Drive, 89D, EV 100.6 MPH)
Ivan Suarez to third
Runner from 3rd tries for Home, SAFE, no throw by RF
Batting: RHB Jerome Bathgate 0-0: Called Strike
0-1: Ball
1-1: Ball
2-1: Swinging Strike
2-2: Strikes out swinging
Batting: RHB Randy Fowler 0-0: Called Strike
0-1: Swinging Strike
0-2: Foul Ball, location: 2F
0-2: Foul Ball, location: 2F
0-2: Foul Ball, location: 25F
0-2: Strikes out swinging
Bottom of the 4th over - 1 run, 1 hit, 0 errors, 1 left on base; Cincinnati 3 - Oakland 1
TOP OF THE 5TH
Cincinnati Reds batting - Pitching for Oakland Athletics : RHP Dylan Harrison
Batting: RHB Earl Boivin 0-0: Ball
1-0: Swinging Strike
1-1: Called Strike
1-2: Ball
2-2: Fly out, F9 (Line Drive, 89S, EV 105.6 MPH)
Batting: LHB Steve Carbone 0-0: Ball
1-0: SINGLE (Line Drive, 8RS, EV 86.9 MPH)
Batting: RHB Erik Schmidt 0-0: Called Strike
0-1: Called Strike
0-2: Ball
1-2: Strikes out swinging
Batting: RHB Jesus Najera 0-0: Called Strike
0-1: Called Strike
0-2: Fly out, F2 (Popup, 23F, EV 78.8 MPH)
Top of the 5th over - 0 runs, 1 hit, 0 errors, 1 left on base; Cincinnati 3 - Oakland 1
BOTTOM OF THE 5TH
Oakland Athletics batting - Pitching for Cincinnati Reds : RHP Israel Castillo
Batting: LHB Gene Del Vecchio 0-0: Ball
1-0: Ball
2-0: Called Strike
2-1: Ball
3-1: Base on Balls
Batting: RHB David Reichel 0-0: Swinging Strike
0-1: Fly out, F9 (Flyball, 89S, EV 83.1 MPH)
Batting: RHB Ben Celeste 0-0: Ball
1-0: Ball
2-0: Called Strike
2-1: Fielders Choice at 2nd, 5-4 (Groundball, 5D, EV 98.8 MPH)
Pitching: RHP Dustin Guerin
Pinch Hitting: LHB Kyle O'Connor 0-0: Called Strike
0-1: Foul Ball, location: 2F
0-2: Strikes out swinging
Bottom of the 5th over - 0 runs, 0 hits, 0 errors, 1 left on base; Cincinnati 3 - Oakland 1
TOP OF THE 6TH
Cincinnati Reds batting - Pitching for Oakland Athletics : RHP Dylan Harrison
Now at 2B: Mario Marquez
Batting: RHB Tim Mercer 0-0: Called Strike
0-1: Swinging Strike
0-2: Strikes out swinging
Batting: RHB B.J. Illiano 0-0: Ball
1-0: Ball
2-0: Ball
3-0: Called Strike
3-1: SINGLE (Line Drive, 8RS, EV 97.5 MPH)
Batting: RHB Ricky Correa 0-0: Ball
1-0: Called Strike
1-1: Fielders Choice at 2nd, 5-4 (Groundball, 56, EV 85.0 MPH)
Batting: SHB Greg Jenniferl 0-0: Fly out, F7 (Flyball, 78S, EV 80.0 MPH)
Top of the 6th over - 0 runs, 1 hit, 0 errors, 1 left on base; Cincinnati 3 - Oakland 1
BOTTOM OF THE 6TH
Oakland Athletics batting - Pitching for Cincinnati Reds : RHP Dustin Guerin
Batting: LHB Pat Wilson 0-0: Ground out 6-3 (Groundball, 6, EV 100.0 MPH)
Batting: LHB Ivan Suarez 0-0: Fly out, F8 (Flyball, 8RM, EV 75.0 MPH)
Batting: RHB Joey George 0-0: Called Strike
0-1: Swinging Strike
0-2: Ball
1-2: Foul Ball, location: 2F
1-2: Ball
2-2: Strikes out looking
Bottom of the 6th over - 0 runs, 0 hits, 0 errors, 0 left on base; Cincinnati 3 - Oakland 1
TOP OF THE 7TH
Cincinnati Reds batting - Pitching for Oakland Athletics : RHP Dylan Harrison
Batting: LHB Jonathan Nelson 0-0: Ball
1-0: Foul Ball, location: 9LSF
1-1: Called Strike
1-2: SOLO HOME RUN (Line Drive, 8LXD, EV 114.4 MPH), Distance : 467 ft
Batting: RHB Earl Boivin 0-0: Ball
1-0: Ball
2-0: Ball
3-0: Called Strike
3-1: Fly out, F8 (Flyball, 78D, EV 85.6 MPH)
Batting: LHB Steve Carbone 0-0: Ball
1-0: Ball
2-0: Foul Ball, location: 2F
2-1: Fly out, F7 (Flyball, 7, EV 76.3 MPH)
Batting: RHB Erik Schmidt 0-0: Fly out, F4 (Line Drive, 4, EV 63.8 MPH)
Top of the 7th over - 1 run, 1 hit, 0 errors, 0 left on base; Cincinnati 4 - Oakland 1
BOTTOM OF THE 7TH
Oakland Athletics batting - Pitching for Cincinnati Reds : RHP Dustin Guerin
Batting: RHB Jerome Bathgate 0-0: Ball
1-0: Ball
2-0: Ball
3-0: Foul Ball, location: 2F
3-1: SINGLE (Groundball, 2L, EV 71.3 MPH) (infield hit)
Batting: RHB Randy Fowler 0-0: Called Strike
0-1: Foul Ball, location: 5FF
0-2: Ball
1-2: Ball
2-2: Strikes out swinging
Batting: LHB Gene Del Vecchio 0-0: Called Strike
0-1: Grounds into double play, 4-6-3 (Groundball, 4, EV 102.5 MPH)
Bottom of the 7th over - 0 runs, 1 hit, 0 errors, 0 left on base; Cincinnati 4 - Oakland 1
TOP OF THE 8TH
Cincinnati Reds batting - Pitching for Oakland Athletics : RHP Dylan Harrison
Batting: RHB Jesus Najera 0-0: Ball
1-0: Fly out, F8 (Line Drive, 8RD, EV 84.4 MPH)
Batting: RHB Tim Mercer 0-0: Called Strike
0-1: Ball
1-1: Ball
2-1: Foul Ball, location: 7LMFF
2-2: Foul Ball, location: 2F
2-2: Fly out, F9 (Flyball, 9D, EV 94.4 MPH)
Batting: RHB B.J. Illiano 0-0: Ball
1-0: Foul Ball, location: 2F
1-1: Ball
2-1: Foul Ball, location: 7LMF
2-2: Fly out, F4 (Line Drive, 4, EV 72.5 MPH)
Top of the 8th over - 0 runs, 0 hits, 0 errors, 0 left on base; Cincinnati 4 - Oakland 1
BOTTOM OF THE 8TH
Oakland Athletics batting - Pitching for Cincinnati Reds : RHP Dustin Guerin
Pitching: RHP Mike Yates
Batting: RHB David Reichel 0-0: Fly out, F8 (Line Drive, 8LD, EV 96.3 MPH)
Batting: RHB Ben Celeste 0-0: Ball
1-0: Ground out 3-1 (Groundball, 34S, EV 82.5 MPH)
Batting: LHB Mario Marquez 0-0: Called Strike
0-1: Swinging Strike
0-2: Ball
1-2: Strikes out swinging
Bottom of the 8th over - 0 runs, 0 hits, 0 errors, 0 left on base; Cincinnati 4 - Oakland 1
TOP OF THE 9TH
Cincinnati Reds batting - Pitching for Oakland Athletics : RHP Dylan Harrison
Pitching: RHP Steven Cadmus
Pinch Hitting: SHB Jamie Moore 0-0: Called Strike
0-1: Ball
1-1: Called Strike
1-2: Ball
2-2: Ball
3-2: Ground out 4-3 (Groundball, 4, EV 78.8 MPH)
Batting: SHB Greg Jenniferl 0-0: Fly out, F7 (Flyball, 78M, EV 88.8 MPH)
Batting: LHB Jonathan Nelson 0-0: Ball
1-0: Fly out, F7 (Flyball, 78S, EV 80.6 MPH)
Top of the 9th over - 0 runs, 0 hits, 0 errors, 0 left on base; Cincinnati 4 - Oakland 1
BOTTOM OF THE 9TH
Oakland Athletics batting - Pitching for Cincinnati Reds : RHP Mike Yates
Now at 2B: Earl Boivin
Now at SS: Eddie Enright
Batting: LHB Pat Wilson 0-0: Ball
1-0: Foul Ball, location: 2F
1-1: Foul Ball, location: 5SF
1-2: Ball
2-2: SOLO HOME RUN (Line Drive, 9D, EV 100.6 MPH), Distance : 393 ft
Batting: LHB Ivan Suarez 0-0: Swinging Strike
0-1: Called Strike
0-2: Foul Ball, location: 2F
0-2: Fly out, F9 (Flyball, 9LMF, EV 93.8 MPH)
Batting: RHB Joey George 0-0: Called Strike
0-1: Foul Ball, location: 9LSF
0-2: Ball
1-2: Ball
2-2: Foul Ball, location: 2RF
2-2: SINGLE (Line Drive, 89M, EV 101.9 MPH)
Batting: RHB Jerome Bathgate 0-0: Called Strike
0-1: Ball
1-1: Fly out, F4 (Popup, 4, EV 50.6 MPH)
Batting: RHB Randy Fowler 0-0: Called Strike
0-1: Swinging Strike
0-2: Foul Ball, location: 7LDF
0-2: Strikes out swinging
Bottom of the 9th over - 1 run, 2 hits, 0 errors, 1 left on base; Cincinnati 4 - Oakland 2
Friday, April 12th , 2024 - OOTP Baseball 24.11 Build 85